 Dungeon Crawl Stone Soup version 0.31.0-32-g396128a36d (webtiles) character file.

Game seed: 9393161210422718186

6253 Murmeli the Toxicologist (level 10, -7/46 HPs)
             Began as a Spriggan Alchemist on Apr 14, 2024.
             Was a Believer of Sif Muna.
             Shot with a bolt by an orc warrior (25 damage)
             ... on level 8 of the Dungeon.
             The game lasted 01:14:56 (8590 turns).

Murmeli the Toxicologist (Spriggan Alchemist)       Turns: 8590, Time: 01:14:57

Health: -7/46      AC:  4    Str:  4    XL:     10   Next: 62%
Magic:  28/35      EV: 19    Int: 21    God:    Sif Muna [**....]
Gold:   299        SH:  0    Dex: 16    Spells: 22/32 levels left

rFire   . . .        r - +4 quarterstaff (chaos)
rCold   . . .        (shield currently unavailable)
rNeg    . . .        a - +0 robe
rPois   .            (helmet restricted)
rElec   .            s - +1 cloak
rCorr   .            (gloves unavailable)
SInv    +            (boots unavailable)
Will    +....        (no amulet)
Stlth   +++          v - ring of magical power
HPRegen 0.27/turn    i - ring of wizardry
MPRegen 0.24/turn

%: wizardry (x1)
@: lethally poisoned (-7 -> -15), slowed, quick
A: very small, no large weapons, unfitting armour, see invisible, speed 3
a: Renounce Religion, Channel Magic


You were on level 8 of the Dungeon.
You worshipped Sif Muna.
Sif Muna was pleased with you.
You visited 2 branches of the dungeon, and saw 9 of its levels.

You collected 440 gold pieces.
You spent 141 gold pieces at shops.

Inventory:

Hand Weapons
 r - a +4 quarterstaff of chaos (weapon)
Armour
 a - a +0 robe (worn)
 s - a +1 cloak (worn)
Jewellery
 c - a ring of willpower
 d - a ring of protection from fire
 e - a +5 ring of evasion
 f - a ring of poison resistance
 i - a ring of wizardry (right hand)
 j - a ring of protection from cold
 v - a ring of magical power (left hand)
 w - a +5 ring of evasion
Talismans
 q - a maw talisman
Wands
 k - a wand of flame (12) (quivered)
 p - a wand of mindburst (31)
 t - a wand of polymorph (8)
 u - a wand of light (7)
Scrolls
 h - 2 scrolls of fog
 l - 4 scrolls of identify
 n - 2 scrolls of enchant armour
 o - 2 scrolls of teleportation
 x - a scroll of revelation
Potions
 b - 3 potions of magic
 g - a potion of curing
 m - a potion of might


   Skills:
 + Level 2.0 Fighting
 + Level 2.4(2.5) Polearms
 + Level 0.3(1.5) Staves
 + Level 4.8 Dodging
 + Level 4.9 Stealth
 + Level 11.6 Spellcasting
 + Level 3.8 Conjurations
 + Level 11.7 Alchemy


You had 22 spell levels left.
You knew the following spells:

 Your Spells              Type           Power      Damage    Failure   Level
a - Sting                 Conj/Alch      100%       1d9       1%          1
b - Olgreb's Toxic Radia  Alch           58%        N/A       1%          4
c - Irradiate             Conj/Alch      22%        3d19      2%          5

Your spell library contained the following spells:

 Spells                   Type           Power      Damage    Failure   Level
 Mercury Vapours          Alch/Air       74%        N/A       1%          2
 Mephitic Cloud           Conj/Alch/Air  34%        N/A       1%          3
 Sticky Flame             Fire/Alch      37%        2d8       1%          4
 Necrotise                Necr           48%        1d6       2%          1
 Ensorcelled Hibernation  Hex/Ice        24%        N/A       3%          2
 Inner Flame              Hex/Fire       12%        N/A       7%          3
 Passwall                 Erth           12%        N/A       7%          3
 Swiftness                Air            12%        N/A       7%          3
 Vampiric Draining        Necr           12%        2d6       7%          3
 Brom's Barrelling Bould  Conj/Erth      20%        2d4       10%         4
 Flame Wave               Conj/Fire      20%        2d7       10%         4
 Iskenderun's Battlesphe  Conj           28%        2d8       12%         5
 Martyr's Knell           Necr/Summ      12%        N/A       22%         4
 Fireball                 Conj/Fire      10%        3d6       26%         5
 Curse of Agony           Necr           12%        N/A       50%         5
 Conjure Ball Lightning   Conj/Air       10%        3x3d6     80%         6
 Orb of Destruction       Conj           14%        9d7       97%         7
 Ignition                 Fire           6%         3d4       100%        8


Dungeon Overview and Level Annotations

Branches:
Dungeon (8/15)             Temple (1/1) D:5
   Lair: D:8-11

Altars:
Ashenzari
Cheibriados
Dithmenos
Fedhas
Gozag
Hepliaklqana
Kikubaaqudgha
Makhleb
Nemelex Xobeh
Okawaru
Ru
Sif Muna
Trog
Uskayaw
Wu Jian
Xom
Yredelemnul

Shops:
D:2 !   D:4 ((:?


Innate Abilities, Weirdness & Mutations

You are very small and have problems with some larger weapons.
You are too small for most types of armour.
You have supernaturally acute eyesight. (SInv)
You cover ground extremely quickly. (Speed+++)


Message History

Casting: Olgreb's Toxic Radiance (safe; 1% risk of failure)
Confirm with . or Enter, or press ? or * to list all spells.
Your toxic radiance grows in intensity.
The kobold brigand looks even sicker.
You feel sick.
The kobold brigand throws a curare-tipped dart.
The curare-tipped dart completely misses you.
A water moccasin comes into view.
The kobold brigand looks as sick as possible!
The orc is poisoned.
Your toxic aura wanes.
You feel sick.
The water moccasin hisses angrily.
An orc wizard comes into view. It is wielding a +0 dagger.
A jelly comes into view.
The orc warrior shoots a bolt.
The bolt completely misses you.
The water moccasin moves out of view.
You feel sick.
The kobold brigand throws a curare-tipped dart.
The curare-tipped dart misses you.
Casting: Olgreb's Toxic Radiance (safe; 1% risk of failure)
Confirm with . or Enter, or press ? or * to list all spells.
Aiming: Sting (safe; 1% risk of failure)
Press: ? - help, Shift-Dir - straight line, f - kobold brigand
Aim: a kobold brigand, wielding a +0 club and quivering curare-tipped darts (heavily wounded, extremely poisoned, 72% to hit)
The sting hits the kobold brigand.
The kobold brigand looks as sick as possible!
The kobold brigand is heavily wounded.
You feel sick.
You are no longer poisoned.
The kobold brigand throws a curare-tipped dart.
The curare-tipped dart hits you.
You are poisoned.
You have difficulty breathing.
You feel as though you will be slow longer.
The orc warrior shoots a bolt.
The bolt barely misses you.
You hear an angry hiss.
You feel very sick.
The orc warrior shoots a bolt.
The bolt hits you!!
Ouch! That really hurt!
You die...

##.#..#..........
##.....#..........
#.................
##.................
#.......[.........#
##.......####......
##########......## #......
........##.......# #......
.........@........##......
....##o#K.................
. #.S.J.................
#..o..................
.Jo(.....##........##..
..##..##### .......# ...
⌠o #.. ....#.. .... .J ..#
..#. ....


You could see an orc warrior (very poisoned), a water moccasin (wandering), a
kobold brigand (extremely poisoned), 2 jellies, an orc wizard and an orc
(poisoned).

Vanquished Creatures
  A two-headed ogre (D:7)
  Pikel (D:6)
  The ghost of dertzug the Protected, a novice AtFi (D:7)
  Maurice (D:7)
  Grinder (D:5)
  Prince Ribbit (D:7)
  8 yaks
  A water moccasin (D:7)
  An orc warrior (D:5)
  A black bear (D:5)
  6 ogres
  2 centaurs
  3 lemures (D:6)
  A phantom (D:6)
  2 kobold brigands
  3 scorpions
  3 wights (D:6)
  6 killer bees (D:8)
  2 howler monkeys
  Crazy Yiuf (D:6)
  11 orc priests
  A bombardier beetle (D:6)
  A gnoll bouda (D:5)
  2 hounds
  2 sleepcaps (D:5)
  3 iguanas
  5 orc wizards
  11 gnolls
  9 adders
  A white imp (D:6)
  2 dart slugs
  4 ribbon worms
  30 orcs
  8 ball pythons
  6 bats
  6 endoplasms
  4 giant cockroaches
  10 goblins
  5 hobgoblins
  4 quokkas
  3 frilled lizards
  10 kobolds
  4 rats
188 creatures vanquished.

Notes
Turn   | Place    | Note
-------+----------+-------------------------------------------
     0 | D:1      | Murmeli the Spriggan Alchemist began the quest for the Orb.
     0 | D:1      | Reached XP level 1. HP: 9/9 MP: 5/5
   158 | D:1      | Reached XP level 2. HP: 12/13 MP: 0/7
   550 | D:1      | Reached XP level 3. HP: 16/16 MP: 5/8
   570 | D:1      | You fall into a shaft and drop 1 floor!
   690 | D:2      | Reached XP level 4. HP: 21/21 MP: 0/10
   903 | D:2      | Reached skill level 1 in Conjurations
  1085 | D:2      | Found Ytat's Distillery.
  1193 | D:2      | Bought 2 potions of curing for 66 gold pieces
  1292 | D:3      | Found a shimmering altar of Xom.
  1401 | D:3      | Learned a level 4 spell: Olgreb's Toxic Radiance
  1660 | D:3      | Reached XP level 5. HP: 16/24 MP: 5/12
  2315 | D:3      | Reached skill level 5 in Alchemy
  2453 | D:4      | Reached skill level 5 in Spellcasting
  2460 | D:4      | Reached XP level 6. HP: 26/28 MP: 1/14
  2478 | D:4      | Found Meutiabb's Weapon Shoppe.
  2486 | D:4      | Reached skill level 1 in Polearms
  2736 | D:4      | Reached XP level 7. HP: 32/32 MP: 4/16
  2854 | D:4      | Identified the +4 leather armour of the Land of Plenty
                  | {Int+2}
  2912 | D:4      | Found Oninugir's Antique Weapon Emporium.
  2955 | D:4      | Found Hyemasul's Book Shoppe.
  2961 | D:4      | Found Reizesch's Magic Scroll Shoppe.
  2973 | D:4      | Bought a scroll of enchant armour for 75 gold pieces
  3181 | D:5      | Entered Level 5 of the Dungeon
  3509 | D:5      | Learned a level 5 spell: Irradiate
  3703 | D:5      | Found a staircase to the Ecumenical Temple.
  3732 | Temple   | Entered the Ecumenical Temple
  3739 | Temple   | Became a worshipper of Sif Muna the Loreminder
  3917 | D:5      | Noticed a yak
  3920 | D:5      | Noticed a yak
  3921 | D:5      | Noticed a yak
  3921 | D:5      | Noticed a yak
  3924 | D:5      | Noticed a yak
  3929 | D:5      | Killed a yak
  3930 | D:5      | Reached XP level 8. HP: 37/37 MP: 4/19
  4270 | D:5      | Noticed Grinder
  4270 | D:5      | Paralysed by Grinder for 5 turns
  4503 | D:5      | Reached XP level 9. HP: 40/40 MP: 10/22
  4655 | D:5      | Paralysed by Grinder for 4 turns
  4661 | D:5      | Killed Grinder
  6078 | D:6      | Reached * piety under Sif Muna
  6318 | D:6      | Noticed Pikel
  6346 | D:6      | Killed Pikel
  6347 | D:6      | Reached skill level 1 in Fighting
  6347 | D:6      | Reached skill level 10 in Spellcasting
  6501 | D:6      | Reached skill level 10 in Alchemy
  6797 | D:6      | Found a runed translucent door.
  6798 | D:6      | Noticed Crazy Yiuf
  6802 | D:6      | Killed Crazy Yiuf
  7183 | D:7      | Reached ** piety under Sif Muna
  7270 | D:7      | Identified the +1 scale mail of Perfidy {rPois rCorr Str+3
                  | Int-2 Dex+3}
  7298 | D:7      | Found a transporter.
  7298 | D:7      | Identified the +9 great mace of Radicalism {elec, Will-
                  | Int+2 Dex+8}
  7298 | D:7      | Identified the +6 great mace of No Interval {flame, Str+4
                  | Dex+4}
  7298 | D:7      | Noticed a two-headed ogre
  7298 | D:7      | Noticed dertzug's ghost (novice AtFi)
  7306 | D:7      | Found a transporter.
  7352 | D:7      | Killed a two-headed ogre
  7353 | D:7      | Reached XP level 10. HP: 45/45 MP: 16/25
  7359 | D:7      | Killed dertzug's ghost
  7520 | D:7      | Noticed Maurice
  7526 | D:7      | Noticed Prince Ribbit
  7534 | D:7      | Killed Prince Ribbit
  7538 | D:7      | Killed Maurice
  7812 | D:7      | Found a burning altar of Makhleb.
  8307 | D:8      | Noticed a green ugly thing
  8590 | D:8      | Shot with a bolt by an orc warrior

Illustrated notes

Levels and vault maps discovered:
D:1:      saegor_arrival_under_anarchy, layout_rooms
D:2:      layout_rooms, serial_shops, nicolae_shop_trees, nicolae_wormholes
D:3:      layout_basic, mainiacjoe_overflow_alcove_2
D:4:      layout_rooms, serial_shops, shop, shop, shop,
          nicolae_shop_window_shopping, chequers_serial_rivers_small_a
D:5:      layout_loops_cross, minmay_temple_entry_antechambers, uniq_grinder
D:6:      layout_loops_ring, uniq_pikel, uniq_crazy_yiuf_cottage
D:7:      layout_loops_cross, pf_just_have_faith, gammafunk_ghost_smash,
          uniq_maurice, uniq_prince_ribbit1
D:8:      layout_cave_pools, minmay_ruined_shrine
Temple:   nicolae_temple_superstar

Skill      XL: |  1  2  3  4  5  6  7  8  9 10 |
---------------+-------------------------------+-----
Spellcasting   | 3 4 5 7 8 10 11 | 11.6
Alchemy        | 4 5 7 8 10 11 | 11.7
Conjurations   | 1 2 3 |  3.8
Dodging        | 3 4 |  4.8
Polearms       | 1 2 |  2.4
Stealth        | 4 |  4.9
Fighting       | 1 2 |  2.0
Staves         | |  0.3

Action                     |  1- 3 |  4- 6 |  7- 9 | 10-12 || total
---------------------------+-------+-------+-------+-------++-------
  Melee: Spear             |    20 |    40 |    89 |       ||   149
         Punch             |       |       |     3 |       ||     3
         Quarterstaff      |       |       |     2 |     6 ||     8
   Cast: Sting             |    48 |    86 |    91 |    17 ||   242
         Olgreb's Toxic Ra |       |     9 |    38 |    16 ||    63
         Irradiate         |       |       |     8 |     4 ||    12
    Use: Potion            |     1 |     2 |     7 |     1 ||    11
         Scroll            |       |     6 |     2 |     3 ||    11
   Stab: Distracted        |     1 |       |       |       ||     1
         Sleeping          |       |     1 |       |       ||     1
 Armour: Robe              |     6 |    16 |    27 |    16 ||    65
  Dodge: Dodged            |    15 |    79 |   103 |    21 ||   218
